 Dungeon Crawl Stone Soup version 0.28-a0-2-g643f2454ad (webtiles) character file.

Game seed: 5413930389044435223

21 Zonian the Conjurer (level 2, -1/13 HPs)
             Began as a Vine Stalker Conjurer on July 23, 2021.
             Slain by an adder (2 damage)
             ... on level 2 of the Dungeon.
             The game lasted 00:01:24 (1349 turns).

Zonian the Conjurer (Vine Stalker Conjurer)         Turns: 1349, Time: 00:01:25

Health: -1/13      AC:  2    Str:  9    XL:     2   Next: 83%
Magic:  0/6        EV: 12    Int: 18    God:
Gold:   49         SH:  0    Dex: 12    Spells: 2/5 levels left

rFire   . . .      SeeInvis .   b - +0 long sword
rCold   . . .      Faith    .   (no shield)
rNeg    . . .      Spirit   +   a - +0 robe
rPois   .          Reflect  .   (no helmet)
rElec   .          Harm     .   (no cloak)
rCorr   .          Rampage  .   (no gloves)
Will    .....                   (no boots)
Stlth   ++........              c - amulet of the acrobat
HPRegen 0.04/turn               (no ring)
MPRegen 0.10/turn               (no ring)

@: lethally poisoned (-1 -> -6), very slightly contaminated, hasted, very quick
A: fangs 2, magic shield, antimagic bite, no potion heal 2
a: no special abilities


You were on level 2 of the Dungeon.
You visited 1 branch of the dungeon, and saw 2 of its levels.

You collected 49 gold pieces.

Inventory:

Hand Weapons
 b - a +0 long sword (weapon)
 f - a +0 hand crossbow
Armour
 a - a +0 robe (worn)
Jewellery
 c - an amulet of the acrobat (around neck)
Potions
 e - a potion of brilliance {unknown}


   Skills:
 + Level 0.1 Fighting
 + Level 0.2 Long Blades
 + Level 1.8 Dodging
 + Level 2.5 Stealth
 + Level 2.2 Spellcasting
 + Level 4.5 Conjurations


You had 2 spell levels left.
You knew the following spells:

 Your Spells              Type           Power      Damage    Failure   Level
a - Magic Dart            Conj           72%        1d6       2%          1
b - Searing Ray           Conj           36%        3d4       4%          2

Your spell library contained the following spells:

 Spells                   Type           Power      Damage    Failure   Level
 Dazzling Flash           Conj/Hex       20%        N/A       22%         3
 Fulminant Prism          Conj/Hex       5%         3d7       56%         4
 Iskenderun's Mystic Bla  Conj/Tloc      10%        2d4       56%         4


Dungeon Overview and Level Annotations

Branches:
Dungeon (2/15)

Altars:

Shops:
D:1 !


Innate Abilities, Weirdness & Mutations

You have extremely sharp teeth.
When hurt, damage is shared between your health and your magic reserves.
Your bite disrupts and absorbs the magic of your enemies.
Potions cannot restore your health.


Message History

You are very lightly contaminated with residual magic.
Nothing appears to happen.
The adder bites you. The adder completely misses you.
You riposte.
You closely miss the adder. Your bite misses the adder.
The adder is heavily wounded.
Unknown command.
You completely miss the adder.
The adder is heavily wounded.
The adder barely misses you.
You hit the adder. You bite the adder, but do no damage.
The adder is heavily wounded.
The adder bites you.
You are poisoned.
The adder poisons you! The adder misses you.
You riposte.
You closely miss the adder.
The adder is heavily wounded.
Casting: Magic Dart (safe; 2% risk of failure)
Confirm with . or Enter, or press ? or * to list all spells.
You don't have enough magic to cast this spell.
Unknown command.
Casting: Magic Dart (safe; 2% risk of failure)
Confirm with . or Enter, or press ? or * to list all spells.
Aiming: Magic Dart (safe; 2% risk of failure)
Press: ? - help, Shift-Dir - straight line, f/p - adder
Aim: an adder (heavily wounded, 100% to hit)
The magic dart hits the adder.
The adder is almost dead.
You feel sick. The adder bites you.
You are lethally poisoned!
The adder poisons you!
You barely miss the adder.
The adder is almost dead.
You feel very sick. The adder bites you but does no damage.
The adder bites you.
* * * LOW HITPOINT WARNING * * *
Unknown command.
It was a potion of haste.
You feel yourself speed up.
* * * LOW HITPOINT WARNING * * *
You feel sick. The adder bites you.
You die...

#.. .. .. .## ..#
#.# #.# ##+## ##@##
##...##
#S..###.....##
#..#.#.#.......##
.....#.##...<.....#
#.... ...+.........+
#.....####.........#
##.#.. #.#.......##
#.## #.###.....##
#.# ##...##


You could see an adder.

Vanquished Creatures
  4 bats (D:1)
  3 endoplasms (D:1)
  A giant cockroach (D:1)
  3 hobgoblins (D:1)
  A quokka (D:1)
  A ball python (D:1)
  A goblin (D:1)
  4 rats (D:1)
18 creatures vanquished.

Notes
Turn   | Place    | Note
-------+----------+-------------------------------------------
     0 | D:1      | Zonian the Vine Stalker Conjurer began the quest for the
                  | Orb.
     0 | D:1      | Reached XP level 1. HP: 9/9 MP: 4/4
   301 | D:1      | Reached XP level 2. HP: 13/13 MP: 3/6
   478 | D:1      | Learned a level 2 spell: Searing Ray
   789 | D:1      | Found Gajihuar's Distillery.
  1349 | D:2      | Slain by an adder

Illustrated notes

Levels and vault maps discovered:
D:1:      pf_arrival_petrified_forest, layout_basic, serial_shops, shop
D:2:      layout_loops_corners

Action                   || total
-------------------------++-------
Melee: Long sword        ||     7
       Unarmed           ||     2
       Bite              ||     2
 Cast: Magic Dart        ||    36
  Use: Potion            ||     1
Armor: Robe              ||     9
Dodge: Dodged            ||    22
       Rpst.: Long sword ||     4

Table legend: (Time is in decaauts)
 A = Elapsed time spent in this place.
 B = Non-inter-level travel time spent in this place.
 C = Inter-level travel time spent in this place.
 D = Time resting spent in this place.
 E = Time spent auto-exploring this place.
 F = Levels seen in this place.
 G = Mean time per level.
                   A        B        C        D        E       F      G
               +--------+--------+--------+--------+--------+-----+--------+
         Total |   1350 |   1323 |     27 |      0 |   1215 |   2 |  675.0 |
       Dungeon |   1350 |   1323 |     27 |      0 |   1215 |   2 |  675.0 |
               +--------+--------+--------+--------+--------+-----+--------+

Top non-repeatable levels by time:
     D:1: 1334 daAuts
     D:2: 16 daAuts
